Match 37324024
Unlisted

Match 37324024
End
Construct Barracks
Selects Advanced Infantry Battlegroup
Riflemen Squad
Riflemen Squad
M1 Mortar Team
Riflemen Squad
Selects Convert to Ranger Squad
Convert to Ranger Squad
Infantry Support Center
Riflemen Squad
M1918 Browning Automatic Rifles
Convert to Ranger Squad
Advanced Logistics
Selects Frontline Medical Station
Frontline Medical Station
Convert to Ranger Squad
Convert to Ranger Squad
Survival Training
Selects Ranger Weapon Training
Ranger Squad
Frontline Medical Station
Selects Ammunition Storage
Ranger Squad
Selects M2A1 105mm Howitzer Emplacement
Selects Free Fire Drills
Microsoft Outlook
deadsadbadmad
Shmestony
Art_Of_Color
0
0

Comments sign in to comment!

No comments posted yet!